Map: 2000 Atmospheres LE

Players

A.I. 1 (Very Easy) - Winner!

  • Race: Zerg Zerg
  • Spawn Location: 3:00

A.I. 1 (Very Easy) - Winner!

  • Race: Zerg Zerg
  • Spawn Location: 3:00

TheCowboy

  • Race: Protoss Protoss
  • League: Grandmaster
  • Spawn Location: 7:00

VOD

https://www.youtube.com/watch?v=DBQF6tBmsKY

Description

Time

  • Played on: May 10, 2022, 8:36 a.m.
  • Length: 9:09
Show
View Real Time Build Order
Export as new Build Order

A.I. 1 (Very Easy) Zerg - Winner!

Build Orders: Pool First 

Get SALT Encoding   

  12  0:01  Drone  
  13  0:12  Overlord  
  13  0:16  Drone  
  14  0:35  Spawning Pool  
  13  0:37  Extractor  
  13  0:39  Drone  
  13  0:47  Drone  
  14  0:53  Overlord  
  14  1:21  Queen  
  14  1:22  Zergling x2  
  17  1:33  Roach Warren  
  17  1:36  Drone  
  17  1:41  Extractor  
  17  1:42  Zergling x2  
  17  1:44  Drone  
  18  1:58  Drone  
  19  2:02  Zergling x2  
  20  2:08  Drone  
  21  2:19  Drone  
  22  2:28  Drone  
  22  2:29  Overlord  
  23  2:36  Drone  
  24  2:43  Drone  
  25  4:33  Drone  
  20  4:41  Drone  
  20  4:48  Drone  
  21  4:55  Drone  
  22  5:02  Drone  
  20  5:08  Queen  
  20  5:09  Drone  
  18  5:16  Drone  
  19  5:24  Drone  
  20  5:31  Drone  
  21  5:38  Drone  
  22  5:46  Drone  
  22  5:47  Zergling x2  
  23  5:53  Drone  
  24  6:00  Overlord, Lair, Drone  
  25  6:07  Drone  
  26  6:14  Drone  
  25  6:22  Drone  
  26  6:29  Roach, Drone  
  29  6:36  Drone  
  30  7:01  Overseer x2  
  30  7:10  Roach  
  32  7:49  Hatchery  
  31  7:51  Roach  
  33  8:40  Zergling x2  
Show
View Real Time Build Order
Export as new Build Order

A.I. 1 (Very Easy) Zerg - Winner!

Build Orders: Pool First 

Get SALT Encoding   

  12  0:01  Drone  
  13  0:12  Overlord  
  13  0:16  Drone  
  14  0:35  Spawning Pool  
  13  0:37  Extractor  
  13  0:39  Drone  
  13  0:47  Drone  
  14  0:53  Overlord  
  14  1:21  Queen  
  14  1:22  Zergling x2  
  17  1:33  Roach Warren  
  17  1:36  Drone  
  17  1:41  Extractor  
  17  1:42  Zergling x2  
  17  1:44  Drone  
  18  1:58  Drone  
  19  2:02  Zergling x2  
  20  2:08  Drone  
  21  2:19  Drone  
  22  2:28  Drone  
  22  2:29  Overlord  
  23  2:36  Drone  
  24  2:43  Drone  
  25  4:33  Drone  
  20  4:41  Drone  
  20  4:48  Drone  
  21  4:55  Drone  
  22  5:02  Drone  
  20  5:08  Queen  
  20  5:09  Drone  
  18  5:16  Drone  
  19  5:24  Drone  
  20  5:31  Drone  
  21  5:38  Drone  
  22  5:46  Drone  
  22  5:47  Zergling x2  
  23  5:53  Drone  
  24  6:00  Lair, Drone, Overlord  
  25  6:07  Drone  
  26  6:14  Drone  
  25  6:22  Drone  
  26  6:29  Drone, Roach  
  29  6:36  Drone  
  30  7:01  Overseer x2  
  30  7:10  Roach  
  32  7:49  Hatchery  
  31  7:51  Roach  
  33  8:40  Zergling x2  
Show
View Real Time Build Order
Export as new Build Order

TheCowboy Protoss 

Build Orders: 1 Gate Expand, Oracle Opening 

Get SALT Encoding   

  12  0:00  Probe  
  13  0:12  Probe  
  14  0:19  Pylon  
  14  0:25  Probe  
  15  0:37  Probe (Chrono Boost)  
  15  0:39  Gateway  
  16  0:46  Probe (Chrono Boost)  
  16  0:47  Assimilator  
  17  0:51  Probe (Chrono Boost)  
  18  1:04  Probe  
  19  1:16  Probe  
  20  1:25  Nexus  
  20  1:34  Cybernetics Core  
  20  1:37  Probe  
  21  1:44  Assimilator  
  21  1:49  Probe  
  22  1:54  Pylon  
  22  2:01  Probe (Chrono Boost)  
  23  2:12  Adept  
  23  2:13  Probe (Chrono Boost)  
  26  2:21  Probe (Chrono Boost)  
  26  2:22  Stargate  
  27  2:28  Probe (Chrono Boost)  
  28  2:33  Warp Gate  
  28  2:39  Probe (Chrono Boost)  
  28  2:40  Probe (Chrono Boost)  
  28  2:42  Adept  
  32  2:47  Probe x2 (Chrono Boost)  
  34  2:52  Probe (Chrono Boost), Pylon  
  34  2:54  Probe  
  36  3:02  Oracle (Chrono Boost)  
  36  3:04  Probe  
  40  3:06  Probe  
  41  3:16  Probe  
  41  3:18  Probe  
  43  3:21  Gateway  
  43  3:28  Probe  
  43  3:30  Probe  
  43  3:31  Oracle (Chrono Boost)  
  48  3:40  Probe  
  48  3:41  Pylon  
  49  3:42  Probe  
  49  3:46  Nexus  
  50  3:52  Probe  
  50  3:54  Probe  
  52  3:58  Assimilator  
  52  3:59  Oracle  
  55  4:04  Probe  
  55  4:06  Probe  
  57  4:10  Pylon  
  57  4:16  Twilight Council, Probe  
  58  4:19  Probe, Forge  
  59  4:26  Gateway  
  59  4:27  Gateway  
  59  4:28  Probe  
  60  4:37  Probe  
  60  4:38  Protoss Ground Weapons Level 1 (Chrono Boost)  
  61  4:40  Probe  
  61  4:43  Gateway  
  61  4:44  Blink (Chrono Boost)  
  62  4:48  Shield Battery  
  62  4:49  Probe  
  63  4:52  Probe  
  63  4:58  Probe  
  63  4:59  Gateway  
  65  5:01  Probe  
  65  5:05  Probe, Stalker  
  65  5:07  Stalker  
  71  5:10  Probe  
  71  5:13  Probe  
  73  5:17  Probe  
  74  5:22  Nexus  
  74  5:23  Probe  
  75  5:30  Stalker, Pylon  
  75  5:31  Probe x2  
  79  5:36  Stalker x2  
  79  5:39  Pylon  
  79  5:42  Stalker  
  85  5:46  Pylon  
  85  5:48  Probe  
  86  5:50  Stalker  
  86  5:51  Probe  
  86  5:52  Shield Battery  
  86  5:55  Stalker  
  91  5:58  Stalker  
  91  6:00  Probe  
  91  6:03  Probe  
  95  6:05  Stalker x2, Assimilator  
  95  6:06  Probe  
  95  6:09  Stalker  
  102  6:13  Probe  
  102  6:16  Probe  
  102  6:18  Probe, Stalker  
  106  6:20  Stalker  
  106  6:24  Charge (Chrono Boost), Pylon  
  109  6:33  Pylon  
  109  6:34  Probe x3  
  109  6:35  Zealot x3  
  109  6:36  Probe, Protoss Ground Weapons Level 2 (Chrono Boost)  
  119  6:41  Zealot x2  
  119  6:46  Probe  
  124  6:47  Zealot  
  124  6:48  Probe x2  
  124  6:49  Probe  
  129  6:59  Gateway  
  129  7:00  Gateway  
  129  7:02  Gateway  
  129  7:04  Gateway  
  129  7:05  Probe  
  129  7:06  Zealot x3  
  136  7:09  Robotics Facility  
  136  7:10  Probe  
  136  7:12  Zealot  
  139  7:17  Pylon  
  139  7:18  Pylon x2  
  139  7:26  Photon Cannon  
  139  7:28  Pylon x2  
  139  7:35  Zealot x3, Templar Archives  
  139  7:36  Zealot x3  
  151  7:41  Probe  
  152  7:53  Pylon  
  152  7:54  Zealot  
  152  7:55  Warp Prism (Chrono Boost), Zealot  
  152  7:56  Zealot x6  
  170  8:05  Probe  
  171  8:06  Probe  
  171  8:08  Probe  
  171  8:09  Probe  
  171  8:10  Assimilator  
  174  8:14  Assimilator  
  174  8:15  Nexus  
  174  8:16  High Templar x3  
  174  8:17  Probe, Pylon  
  181  8:22  Probe, Photon Cannon  
  181  8:23  Pylon  
  181  8:24  Pylon  
  181  8:26  High Templar  
  184  8:28  Zealot x2  
  184  8:31  Pylon  
  184  8:33  Pylon  
  188  8:35  Probe  
  188  8:39  Photon Cannon  
  188  8:40  Photon Cannon  
  189  8:42  Shield Battery  
  189  8:46  High Templar  
  191  8:53  Assimilator  
  195  8:55  Pylon  
  195  9:00  Zealot x2  
Tags
 
Add a new tag
Caveats
  • Supply blocks, unpowered buildings, or Contaminate may cause inaccurate times.
  • Supply counts are checked every 10 seconds.